TOP OF THE 1ST |
Pawtucket Paw Sox batting - Pitching for Reading Phillies : RHP Eric Wilkins
|
Pitching: RHP Eric Wilkins
|
|
Batting: LHB Steven Garcia
|
0-0: Foul Ball, location: 2F 0-1: Ball 1-1: Ground out 3-1 (Groundball, 34S, EV 73.8 MPH)
|
Batting: RHB Robert Duran
|
0-0: Called Strike 0-1: Ground out 6-3 (Groundball, 6, EV 90.0 MPH)
|
Batting: LHB Jeff Stone
|
0-0: Called Strike 0-1: Foul Ball, location: 2F 0-2: Ground out 5-3 (Groundball, 25, EV 84.4 MPH)
|
Top of the 1st over - 0 runs, 0 hits, 0 errors, 0 left on base; Pawtucket 0 - Reading 0 |
BOTTOM OF THE 1ST |
Reading Phillies batting - Pitching for Pawtucket Paw Sox : RHP Wayne Anderson
|
Pitching: RHP Wayne Anderson
|
|
Batting: LHB George Johnson
|
0-0: Called Strike 0-1: SINGLE (Line Drive, 56D, EV 110.0 MPH)
|
Batting: LHB Alex Mata
|
0-0: Ball 1-0: Called Strike 1-1: Ball 2-1: Ball 3-1: Base on Balls George Johnson to second
|
Batting: LHB Jerald Hammermeister
|
0-0: Ball 1-0: SINGLE (Line Drive, 78S, EV 101.9 MPH) George Johnson to third Alex Mata to second Runner from 3rd tries for Home, SAFE, throw by CF to home
|
Batting: RHB Paul Wirkus
|
0-0: Ball 1-0: Called Strike 1-1: Ball 2-1: Ball 3-1: Foul Ball, location: 2F 3-2: Base on Balls Alex Mata to third Jerald Hammermeister to second
|
Batting: LHB Pedro Rabassa
|
0-0: Ball 1-0: Ball 2-0: Called Strike 2-1: Ball 3-1: Base on Balls Alex Mata scores Jerald Hammermeister to third Paul Wirkus to second
|
Batting: LHB Martino Martin
|
0-0: Ball 1-0: Foul Ball, location: 2F 1-1: Grounds into double play, 3-6-3 (Groundball, 34, EV 89.4 MPH) Jerald Hammermeister scores Paul Wirkus to third
|
Batting: RHB Vincent Martelli
|
0-0: Called Strike 0-1: Foul Ball, location: 2F 0-2: Strikes out swinging passed ball, reaches first! Paul Wirkus scores
|
Batting: RHB Mark Sproesser
|
0-0: Ball 1-0: Ball 2-0: Ball 3-0: Base on Balls Vincent Martelli to second
|
Batting: RHB Richard Hyatt
|
0-0: Ball 1-0: Called Strike 1-1: Foul Ball, location: 2F 1-2: Fielders Choice at 2nd, 6-4 (Groundball, 6MD, EV 85.0 MPH)
|
Bottom of the 1st over - 4 runs, 2 hits, 0 errors, 2 left on base; Pawtucket 0 - Reading 4 |
TOP OF THE 2ND |
Pawtucket Paw Sox batting - Pitching for Reading Phillies : RHP Eric Wilkins
|
Batting: RHB Dave Malpeso
|
0-0: Called Strike 0-1: Ground out 6-3 (Groundball, 6, EV 83.1 MPH)
|
Batting: RHB Brick Smith
|
0-0: Called Strike 0-1: Swinging Strike 0-2: DOUBLE (Line Drive, 89D, EV 108.1 MPH)
|
Batting: LHB David Wiggins
|
0-0: Ball 1-0: Ground out 3-1 (Groundball, 34, EV 106.3 MPH) Brick Smith to third
|
Batting: RHB Shooty Babitt
|
0-0: Ball 1-0: Ball 2-0: Ball 3-0: Called Strike 3-1: Swinging Strike 3-2: Strikes out swinging
|
Top of the 2nd over - 0 runs, 1 hit, 0 errors, 1 left on base; Pawtucket 0 - Reading 4 |
BOTTOM OF THE 2ND |
Reading Phillies batting - Pitching for Pawtucket Paw Sox : RHP Wayne Anderson
|
Batting: LHB George Johnson
|
0-0: Called Strike 0-1: Ground out 6-3 (Groundball, 6, EV 89.4 MPH)
|
Batting: LHB Alex Mata
|
0-0: Ball 1-0: Ground out 5-3 (Groundball, 56S, EV 73.1 MPH)
|
Batting: LHB Jerald Hammermeister
|
0-0: Called Strike 0-1: Ball 1-1: Ball 2-1: Ball 3-1: Foul Ball, location: 2F 3-2: Foul Ball, location: 2F 3-2: Foul Ball, location: 2F 3-2: Base on Balls
|
Batting: RHB Paul Wirkus
|
0-0: Ball 1-0: Ball 2-0: Ball 3-0: Called Strike 3-1: Base on Balls Jerald Hammermeister to second
|
Batting: LHB Pedro Rabassa
|
0-0: Ball 1-0: Ball 2-0: Foul Ball, location: 2F 2-1: Ball 3-1: Foul Ball, location: 2F 3-2: Foul Ball, location: 2F 3-2: SINGLE (Line Drive, 6D, EV 100.6 MPH) Jerald Hammermeister to third Paul Wirkus to second Jerald Hammermeister scores Paul Wirkus to third
|
Batting: LHB Martino Martin
|
0-0: Fly out, F7 (Line Drive, 7, EV 100.0 MPH)
|
Bottom of the 2nd over - 1 run, 1 hit, 0 errors, 2 left on base; Pawtucket 0 - Reading 5 |
TOP OF THE 3RD |
Pawtucket Paw Sox batting - Pitching for Reading Phillies : RHP Eric Wilkins
|
Batting: RHB Gary Hargis
|
0-0: Called Strike 0-1: Foul Ball, location: 2F 0-2: Ball 1-2: Strikes out swinging
|
Batting: RHB Lenny Faedo
|
0-0: Called Strike 0-1: Ball 1-1: Fly out, F7 (Flyball, 7, EV 89.4 MPH)
|
Batting: LHB Steven Garcia
|
0-0: Called Strike 0-1: Ball 1-1: Swinging Strike 1-2: Strikes out looking
|
Top of the 3rd over - 0 runs, 0 hits, 0 errors, 0 left on base; Pawtucket 0 - Reading 5 |
BOTTOM OF THE 3RD |
Reading Phillies batting - Pitching for Pawtucket Paw Sox : RHP Wayne Anderson
|
Batting: RHB Vincent Martelli
|
0-0: Ball 1-0: Swinging Strike 1-1: Ball 2-1: Called Strike 2-2: Ball 3-2: Foul Ball, location: 2F 3-2: Base on Balls
|
Batting: RHB Mark Sproesser
|
0-0: Fly out, F8 (Flyball, 8RS, EV 90.6 MPH)
|
Batting: RHB Richard Hyatt
|
0-0: Fly out, F7 (Flyball, 7S, EV 71.9 MPH)
|
Batting: LHB George Johnson
|
0-0: Called Strike 0-1: Swinging Strike 0-2: Ball 1-2: Foul Ball, location: 2F 1-2: Foul Ball, location: 2F 1-2: Ball 2-2: Strikes out swinging
|
Bottom of the 3rd over - 0 runs, 0 hits, 0 errors, 1 left on base; Pawtucket 0 - Reading 5 |
TOP OF THE 4TH |
Pawtucket Paw Sox batting - Pitching for Reading Phillies : RHP Eric Wilkins
|
Batting: RHB Robert Duran
|
0-0: Ball 1-0: Ball 2-0: Called Strike 2-1: Ball 3-1: Foul Ball, location: 2F 3-2: Strikes out swinging
|
Batting: LHB Jeff Stone
|
0-0: Swinging Strike 0-1: Ball 1-1: SINGLE (Groundball, 6MD, EV 106.9 MPH)
|
Batting: RHB Dave Malpeso
|
0-0: Called Strike 0-1: Ball 1-1: Grounds into double play, 6-4-3 (Groundball, 6, EV 91.3 MPH)
|
Top of the 4th over - 0 runs, 1 hit, 0 errors, 0 left on base; Pawtucket 0 - Reading 5 |
BOTTOM OF THE 4TH |
Reading Phillies batting - Pitching for Pawtucket Paw Sox : RHP Wayne Anderson
|
Batting: LHB Alex Mata
|
0-0: Ground out 4-3 (Groundball, 34D, EV 105.6 MPH)
|
Batting: LHB Jerald Hammermeister
|
0-0: Ball 1-0: Ball 2-0: Ground out 5-3 (Groundball, 5S, EV 85.0 MPH)
|
Batting: RHB Paul Wirkus
|
0-0: Ball 1-0: Ball 2-0: Foul Ball, location: 2F 2-1: Swinging Strike 2-2: Foul Ball, location: 2F 2-2: Fly out, F9 (Flyball, 9D, EV 84.4 MPH)
|
Bottom of the 4th over - 0 runs, 0 hits, 0 errors, 0 left on base; Pawtucket 0 - Reading 5 |
TOP OF THE 5TH |
Pawtucket Paw Sox batting - Pitching for Reading Phillies : RHP Eric Wilkins
|
Batting: RHB Brick Smith
|
0-0: Foul Ball, location: 2F 0-1: Foul Ball, location: 2F 0-2: Fly out, F8 (Flyball, 8LXD, EV 77.5 MPH)
|
Batting: LHB David Wiggins
|
0-0: Ball 1-0: Ball 2-0: Ball 3-0: Called Strike 3-1: Foul Ball, location: 2F 3-2: Base on Balls
|
Batting: RHB Shooty Babitt
|
0-0: Called Strike 0-1: Swinging Strike 0-2: Strikes out swinging
|
Batting: RHB Gary Hargis
|
0-0: Called Strike 0-1: Ground out 4-3 (Groundball, 4, EV 88.1 MPH)
|
Top of the 5th over - 0 runs, 0 hits, 0 errors, 1 left on base; Pawtucket 0 - Reading 5 |
BOTTOM OF THE 5TH |
Reading Phillies batting - Pitching for Pawtucket Paw Sox : RHP Wayne Anderson
|
Batting: LHB Pedro Rabassa
|
0-0: Called Strike 0-1: Ball 1-1: Foul Ball, location: 2F 1-2: Ball 2-2: Ball 3-2: Foul Ball, location: 2F 3-2: Foul Ball, location: 2F 3-2: Strikes out swinging
|
Batting: LHB Martino Martin
|
0-0: Ball 1-0: Swinging Strike 1-1: Ground out 6-3 (Groundball, 6, EV 89.4 MPH)
|
Batting: RHB Vincent Martelli
|
0-0: Ball 1-0: Swinging Strike 1-1: Swinging Strike 1-2: Ball 2-2: Foul Ball, location: 2F 2-2: Ball 3-2: Base on Balls
|
Batting: RHB Mark Sproesser
|
Pickoff Throw to First - Out! 1-3
|
Bottom of the 5th over - 0 runs, 0 hits, 0 errors, 0 left on base; Pawtucket 0 - Reading 5 |
TOP OF THE 6TH |
Pawtucket Paw Sox batting - Pitching for Reading Phillies : RHP Eric Wilkins
|
Batting: RHB Lenny Faedo
|
0-0: Fly out, F7 (Flyball, 78D, EV 91.9 MPH)
|
Batting: LHB Steven Garcia
|
0-0: Ground out 6-3 (Groundball, 6, EV 75.6 MPH)
|
Batting: RHB Robert Duran
|
0-0: Ball 1-0: Ball 2-0: Called Strike 2-1: Foul Ball, location: 2F 2-2: Ball 3-2: Fly out, F8 (Flyball, 89XD, EV 100.0 MPH)
|
Top of the 6th over - 0 runs, 0 hits, 0 errors, 0 left on base; Pawtucket 0 - Reading 5 |
BOTTOM OF THE 6TH |
Reading Phillies batting - Pitching for Pawtucket Paw Sox : RHP Wayne Anderson
|
Pitching: RHP Robert Crimian
|
|
Batting: RHB Mark Sproesser
|
0-0: Ball 1-0: Ball 2-0: Ball 3-0: Called Strike 3-1: Ground out 6-3 (Groundball, 6, EV 90.0 MPH)
|
Batting: RHB Richard Hyatt
|
0-0: Ball 1-0: Fly out, F3 (Popup, 34, EV 64.4 MPH)
|
Batting: LHB George Johnson
|
0-0: Ball 1-0: Foul Ball, location: 2F 1-1: Ball 2-1: SINGLE (Line Drive, 4MD, EV 101.9 MPH)
|
Batting: LHB Alex Mata
|
0-0: Ball 1-0: Ball George Johnson is caught stealing 2nd base 2-6
|
Bottom of the 6th over - 0 runs, 1 hit, 0 errors, 0 left on base; Pawtucket 0 - Reading 5 |
TOP OF THE 7TH |
Pawtucket Paw Sox batting - Pitching for Reading Phillies : RHP Eric Wilkins
|
Batting: LHB Jeff Stone
|
0-0: SINGLE (Line Drive, 8RS, EV 103.8 MPH)
|
Batting: RHB Dave Malpeso
|
0-0: Called Strike Jeff Stone steals 2nd base 0-1: DOUBLE (Flyball, 89D, EV 85.6 MPH) Jeff Stone scores
|
Batting: RHB Brick Smith
|
0-0: Ball 1-0: Called Strike 1-1: Swinging Strike 1-2: Ball 2-2: Ball 3-2: Foul Ball, location: 2F 3-2: Foul Ball, location: 2F 3-2: Base on Balls
|
Batting: LHB David Wiggins
|
0-0: Called Strike 0-1: SINGLE (Groundball, 3D, EV 95.0 MPH) Dave Malpeso to third Brick Smith to second
|
Batting: RHB Shooty Babitt
|
0-0: Swinging Strike 0-1: Ball 1-1: Ball 2-1: Foul Ball, location: 2F 2-2: Foul Ball, location: 2F 2-2: Strikes out swinging
|
Batting: RHB Gary Hargis
|
0-0: Foul Ball, location: 2F 0-1: Fly out, F8 (Flyball, 8RD, EV 90.6 MPH) Runner from 3rd tags up, SCORES, throw by CF Brick Smith to third
|
Batting: RHB Lenny Faedo
|
0-0: Fly out, F9 (Flyball, 89S, EV 91.3 MPH)
|
Top of the 7th over - 2 runs, 3 hits, 0 errors, 2 left on base; Pawtucket 2 - Reading 5 |
BOTTOM OF THE 7TH |
Reading Phillies batting - Pitching for Pawtucket Paw Sox : RHP Robert Crimian
|
Batting: LHB Alex Mata
|
0-0: Ball 1-0: Ball 2-0: Ball 3-0: Called Strike 3-1: Base on Balls
|
Batting: LHB Jerald Hammermeister
|
0-0: Ball 1-0: Called Strike 1-1: Foul Ball, location: 2F 1-2: Fly out, F6 (Flyball, 6D, EV 95.0 MPH)
|
Batting: RHB Paul Wirkus
|
0-0: Ball 1-0: Ball 2-0: Fly out, F4 (Popup, 3D, EV 55.0 MPH)
|
Batting: LHB Pedro Rabassa
|
0-0: Ball Alex Mata is caught stealing 2nd base 2-6
|
Bottom of the 7th over - 0 runs, 0 hits, 0 errors, 0 left on base; Pawtucket 2 - Reading 5 |
TOP OF THE 8TH |
Pawtucket Paw Sox batting - Pitching for Reading Phillies : RHP Eric Wilkins
|
Batting: LHB Steven Garcia
|
0-0: Foul Ball, location: 2F 0-1: Swinging Strike 0-2: Strikes out swinging
|
Batting: RHB Robert Duran
|
0-0: Ball 1-0: Foul Ball, location: 2F 1-1: Swinging Strike 1-2: Ball 2-2: Foul Ball, location: 2F 2-2: Foul Ball, location: 2F 2-2: Ground out 6-3 (Groundball, 6M, EV 88.8 MPH)
|
Batting: LHB Jeff Stone
|
0-0: Fly out, F7 (Flyball, 78M, EV 95.0 MPH)
|
Top of the 8th over - 0 runs, 0 hits, 0 errors, 0 left on base; Pawtucket 2 - Reading 5 |
BOTTOM OF THE 8TH |
Reading Phillies batting - Pitching for Pawtucket Paw Sox : RHP Robert Crimian
|
Batting: LHB Pedro Rabassa
|
0-0: Fly out, F7 (Flyball, 78D, EV 88.1 MPH)
|
Batting: LHB Martino Martin
|
0-0: Ground out U3 (Groundball, 3, EV 94.4 MPH)
|
Batting: RHB Vincent Martelli
|
0-0: Called Strike 0-1: Ball 1-1: Ball 2-1: Ball 3-1: Base on Balls
|
Batting: RHB Mark Sproesser
|
0-0: Ball 1-0: Ball 2-0: Fly out, F8 (Line Drive, 8RD, EV 93.8 MPH)
|
Bottom of the 8th over - 0 runs, 0 hits, 0 errors, 1 left on base; Pawtucket 2 - Reading 5 |
TOP OF THE 9TH |
Pawtucket Paw Sox batting - Pitching for Reading Phillies : RHP Eric Wilkins
|
Batting: RHB Dave Malpeso
|
0-0: Ground out 6-3 (Groundball, 6, EV 84.4 MPH)
|
Batting: RHB Brick Smith
|
0-0: Ball 1-0: Ball 2-0: Called Strike 2-1: Ball 3-1: Base on Balls
|
Batting: LHB David Wiggins
|
0-0: Called Strike 0-1: Fielders Choice at 2nd, 6-4 (Groundball, 6M, EV 86.9 MPH)
|
Batting: RHB Shooty Babitt
|
0-0: Ball 1-0: Ground out 4-3 (Groundball, 4, EV 98.1 MPH)
|
Top of the 9th over - 0 runs, 0 hits, 0 errors, 1 left on base; Pawtucket 2 - Reading 5 |
|